 Dungeon Crawl Stone Soup version 0.21-a0-122-g43b3ea6 (webtiles) character file.

27976 Gorglomux the Warrior (level 13, 0/126 HPs)
             Began as a Hill Orc Fire Elementalist on July 13, 2017.
             Was a High Priest of Trog.
             Slain by a blink frog (10 damage)
             ... on level 2 of the Lair of Beasts.
             The game lasted 00:47:18 (15015 turns).

Gorglomux the Warrior (Hill Orc Fire Elementalist) Turns: 15015, Time: 00:47:19

Health: 0/126      AC: 13    Str: 19      XL:     13   Next: 35%
Magic:  15/15      EV: 15    Int: 19 (22) God:    Trog [*****.]
Gold:   164        SH:  5    Dex: 15      Spells: 14/15 levels left

rFire    . . .     SeeInvis +   l - +9 demon whip of Cocytus {flame, Int+4 Stlth+}
rCold    . . .     Gourm    +   W - +0 buckler
rNeg     . . .     Faith    .   H - +0 troll leather armour
rPois    +         Spirit   .   J - +0 helmet {Int+3}
rElec    .         Reflect  .   (no cloak)
rCorr    .         Harm     .   w - +0 pair of gloves {Str+3}
MR       ++...                  R - +2 pair of boots of Eternity {Dex+4 Slay+2 SInv Stlth-}
Stlth    ++........             q - amulet of the gourmand
HPRegen  1.71/turn              o - ring of poison resistance
MPRegen  0.14/turn              n - +3 ring of evasion

@: berserk cooldown, regenerating, slowed, very slow
A: no striking features
a: Berserk, Trog's Hand, Brothers in Arms, Burn Spellbooks, Renounce Religion


You were on level 2 of the Lair of Beasts.
You worshipped Trog.
Trog was extremely pleased with you.
You were very full.

You visited 3 branches of the dungeon, and saw 15 of its levels.
You also visited: Ossuary and Bailey.

You collected 843 gold pieces.
You spent 679 gold pieces at shops.

Inventory:

Hand Weapons
 a - a +0 short sword of venom
 b - a +3 war axe of freezing
 l - the +9 demon whip of Cocytus (weapon) {flame, Int+4 Stlth+}
   (You found it in a bailey)

   It has been specially enchanted to burn those struck by it, causing extra
   injury to most foes and up to half again as much damage against particularly
   susceptible opponents.
   It affects your intelligence (+4).
   It makes you more stealthy.
Missiles
 Z - a throwing net (quivered)
Armour
 w - a +0 pair of gloves of strength (worn)
 A - a +1 pair of boots of flying
 H - a +0 troll leather armour (worn)
 J - a +0 helmet of intelligence (worn)
 R - the +2 pair of boots of Eternity (worn) {Dex+4 Slay+2 SInv Stlth-}
   (You found it in a bailey)

   It affects your dexterity (+4).
   It affects your accuracy and damage with ranged weapons and melee attacks
   (+2).
   It lets you see invisible.
   It makes you less stealthy.
 W - a +0 buckler (worn)
Jewellery
 c - an uncursed ring of protection from cold
 f - an uncursed ring of protection from fire
 n - a +3 ring of evasion (right hand)
 o - a ring of poison resistance (left hand)
 q - an amulet of the gourmand (around neck)
Wands
 j - a wand of paralysis (15/24)
 C - a wand of confusion (48/48)
 E - a wand of enslavement (3/24)
 I - a wand of iceblast (7/15)
 P - a wand of paralysis (7/24)
Scrolls
 d - 3 scrolls of enchant armour
 k - a scroll of summoning
 s - 3 scrolls of enchant weapon
 v - 2 scrolls of immolation
 B - 12 scrolls of remove curse
 G - a scroll of fog {unknown}
 M - 2 scrolls of recharging
 T - 9 scrolls of teleportation
 U - 2 scrolls of fear
Potions
 h - a potion of cancellation
 i - 3 potions of agility
 m - 5 potions of might
 p - a potion of brilliance
 r - 4 potions of flight
 x - 3 potions of resistance
 y - 3 potions of mutation {!q}
 D - 2 potions of invisibility
 F - 2 potions of magic
 L - 6 potions of lignification
 N - 2 potions of ambrosia
 O - 4 potions of haste
 Q - 4 potions of curing
 S - 7 potions of heal wounds
 Y - 2 potions of berserk rage
Miscellaneous
 V - a fan of gales
 X - a phial of floods (inert)
Comestibles
 t - 10 fruits
 u - 11 bread rations
 z - 4 meat rations
 K - 6 royal jellies


   Skills:
 + Level 15.1 Fighting
 - Level 10.1(12.0) Axes
 + Level 9.2(10.5) Maces & Flails
 + Level 14.0 Armour
 - Level 1.5 Dodging
 - Level 1.5 Stealth
 - Level 4.0 Shields
 - Level 1.5 Spellcasting
 - Level 1.0 Conjurations
 - Level 3.2 Fire Magic


You had 14 spell levels left.
You knew the following spells:

 Your Spells              Type           Power        Failure   Level  Hunger
a - Flame Tongue          Conj/Fire      #....        9%          1    ##.....


Dungeon Overview and Level Annotations

Branches:
Dungeon (12/15)            Temple (1/1) D:4            Lair (2/6) D:10
 Spider (0/4) Lair:2          Orc (0/2) D:11
  Swamp: Lair:2-4    Shoals: Lair:2-4

Altars:
Ashenzari
Cheibriados
Dithmenos
Elyvilon
Fedhas
Gozag
Kikubaaqudgha
Makhleb
Nemelex Xobeh
Okawaru
Qazlal
Ru
Sif Muna
Trog
Uskayaw
Vehumet
Wu Jian
Xom
Yredelemnul
Zin
The Shining One

Shops:
D:4 *   D:5 (   D:6 =   D:7 [   D:10 [   D:12 !


Message History

Unknown command.
Your water elemental hits the blink frog!
Your water elemental engulfs the blink frog in water!
The blink frog pulls free of the water.
Unknown command.
Your water elemental completely misses the blink frog.
The blink frog misses you. The blink frog hits you.
* * * LOW HITPOINT WARNING * * *
Your water elemental hits the blink frog!!
The blink frog dies!
Trog accepts your kill.
Unknown command.
The blink frog hits you!
* * * LOW HITPOINT WARNING * * *
Your water elemental hits the blink frog!
Unknown command.
You feel the effects of Trog's Hand fading.
Your water elemental barely misses the blink frog.
The blink frog hits you!
You die...

#..## #...## #)#. #..##
#...# ##.## #... ##.##
#P..# ##..# ###...#######
####..##
#...........#####.#...##
#P...#†#.†.............#
##..
#≈≈.EF@...........##### ...
##≈#..P#...........##.# ...
#≈≈⌠.###..............# ..
#...†# #...........#... .
#........#..............
#.........##...........P.
#............#............
#...#.....#...##...........
...###.⌠..##...#..........P


You could see a blink frog and a friendly water elemental.

Vanquished Creatures
  Erolcha (D:10)
  A two-headed ogre (D:12)
  Sonja (D:10)
  The ghost of sergedm the Thaumaturge, a novice DECj of Vehumet (Bailey)
  An unseen horror (D:12)
  An orange crystal statue (Lair:1)
  An orc knight (Bailey)
  A cyclops (D:12)
  6 slime creatures (D:12)
  3 ugly things
  2 manticores
  3 torpor snails (Lair:1)
  Psyche (D:8)
  A kobold demonologist (D:11)
  A komodo dragon (D:11)
  A freezing wraith (D:12)
  The ghost of p0werm0de the Skirmisher, an amateur DsCK of Xom (Ossuary)
  4 trolls
  A meliai zombie (D:12)
  4 hippogriffs
  8 blink frogs
  Prince Ribbit (D:9)
  Sigmund (D:2)
  16 yaks
  2 shadows
  A wyvern (D:10)
  A basilisk (D:10)
  A steam dragon (D:10)
  4 hungry ghosts
  Duvessa (D:7)
  3 water moccasins (Lair:1)
  6 porcupines
  10 orc warriors
  2 sky beasts
  2 black bears
  2 ice beasts
  An eye of draining (D:9)
  4 phantoms
  8 ogres
  8 centaurs
  4 crocodiles
  3 wolves (Lair:2)
  4 big kobolds
  6 bullfrogs
  Dowan (D:7)
  A water moccasin zombie (D:11)
  3 scorpions
  13 killer bees
  22 wights
  An electric eel (Lair:1)
  4 centaur zombies
  9 crimson imps
  A human zombie (Ossuary)
  9 orc priests
  3 bullfrog skeletons
  4 jellies
  6 hounds
  15 orc wizards
  4 centaur skeletons
  9 iguanas
  Ijyb (D:3)
  15 worker ants
  2 hound zombies
  2 hound skeletons
  3 mummies (Ossuary)
  A worker ant zombie (D:5)
  7 gnolls
  2 howler monkey skeletons
  13 adders
  5 shadow imps
  2 oozes
  3 adder skeletons
  2 dart slugs (D:1)
  4 worms
  6 leopard geckos
  64 orcs
  9 giant cockroaches
  A gnoll zombie (Ossuary)
  14 goblins
  7 hobgoblins
  18 jackals
  5 quokkas
  2 ball pythons
  6 bats
  2 frilled lizards
  2 goblin zombies (Ossuary)
  2 hobgoblin zombies (Ossuary)
  14 kobolds
  An orc zombie (Ossuary)
  9 rats
464 creatures vanquished.

Vanquished Creatures (collateral kills)
  A blink frog (Lair:2)
1 creature vanquished.

Vanquished Creatures (others)
  A hobgoblin (D:2)
1 creature vanquished.

Grand Total: 466 creatures vanquished

Notes
Turn   | Place    | Note
-------+----------+-------------------------------------------
     0 | D:1      | Gorglomux the Hill Orc Fire Elementalist began the quest for the Orb.
     0 | D:1      | Reached XP level 1. HP: 14/14 MP: 3/3
   212 | D:1      | Reached skill level 1 in Fighting
   243 | D:1      | Reached skill level 1 in Armour
   243 | D:1      | Reached XP level 2. HP: 19/23 MP: 0/4
   796 | D:1      | Reached skill level 2 in Fighting
   952 | D:1      | Reached XP level 3. HP: 29/29 MP: 1/5
  1251 | D:2      | Noticed Sigmund
  1268 | D:2      | Killed Sigmund
  1268 | D:2      | Reached skill level 4 in Fighting
  1268 | D:2      | Reached skill level 3 in Armour
  1268 | D:2      | Reached XP level 4. HP: 17/41 MP: 0/6
  1268 | D:2      | Reached XP level 5. HP: 20/47 MP: 0/7
  1859 | D:2      | Found a blossoming altar of Fedhas.
  1978 | D:2      | Reached XP level 6. HP: 47/53 MP: 5/8
  2476 | D:2      | Found a snail-covered altar of Cheibriados.
  2727 | D:3      | Reached skill level 5 in Fighting
  2989 | D:3      | Noticed Ijyb
  3001 | D:3      | Killed Ijyb
  3115 | D:3      | Reached skill level 1 in Shields
  3559 | D:3      | Reached XP level 7. HP: 44/61 MP: 9/9
  3706 | D:4      | Found a staircase to the Ecumenical Temple.
  3738 | Temple   | Entered the Ecumenical Temple
  3857 | Temple   | Became a worshipper of Trog the Wrathful
  3957 | D:4      | Found a white marble altar of Elyvilon.
  3995 | D:4      | Reached skill level 3 in Shields
  4496 | D:4      | Reached skill level 6 in Fighting
  4629 | D:4      | Found Zin's Purification Station.
  4654 | D:4      | Found a glowing silver altar of Zin.
  4749 | D:5      | Entered Level 5 of the Dungeon
  4775 | D:5      | Reached skill level 6 in Armour
  4775 | D:5      | Reached XP level 8. HP: 33/70 MP: 10/10
  4960 | D:5      | Found Bonwizxe's Weapon Shoppe.
  5026 | D:5      | Found a large runed door.
  5026 | D:5      | Found a large runed door.
  5076 | D:5      | Found a large runed door.
  5076 | D:5      | Found a large runed door.
  5127 | D:5      | Noticed a troll
  5161 | D:5      | Killed a troll
  5161 | D:5      | Reached skill level 7 in Fighting
  5512 | D:5      | Reached * piety under Trog
  6072 | D:5      | Reached skill level 8 in Fighting
  6284 | D:6      | Reached skill level 1 in Axes
  6340 | D:6      | Reached XP level 9. HP: 73/82 MP: 11/11
  6447 | D:6      | Reached skill level 3 in Axes
  6526 | D:6      | Found a sparkling altar of Nemelex Xobeh.
  6543 | D:6      | Reached ** piety under Trog
  6608 | D:6      | Reached skill level 9 in Fighting
  6631 | D:6      | Found an ornate altar of the Wu Jian Council.
  6833 | D:6      | Found Cuag's Jewellery Shoppe.
  7125 | D:7      | Found a sand-covered staircase.
  7215 | Ossuary  | Entered an ossuary
  7248 | Ossuary  | Noticed p0werm0de's ghost (amateur DsCK)
  7264 | Ossuary  | Killed p0werm0de's ghost
  7264 | Ossuary  | Reached skill level 9 in Armour
  7445 | Ossuary  | Reached *** piety under Trog
  7549 | D:7      | Found Gamumnot's Armour Shop.
  7557 | D:7      | Bought a +1 pair of boots of flying for 198 gold pieces
  7637 | D:7      | Reached skill level 10 in Fighting
  7637 | D:7      | Reached skill level 6 in Axes
  7654 | D:7      | Reached XP level 10. HP: 68/93 MP: 12/12
  7941 | D:7      | Noticed Duvessa
  7944 | D:7      | Noticed Dowan
  7957 | D:7      | Killed Duvessa
  7978 | D:7      | Killed Dowan
  8333 | D:8      | Noticed Psyche
  8349 | D:8      | Killed Psyche
  8349 | D:8      | Reached **** piety under Trog
  8814 | D:8      | Reached skill level 11 in Fighting
  8943 | D:8      | Found an iron altar of Okawaru.
  9458 | D:9      | Reached skill level 9 in Axes
  9777 | D:9      | Noticed Prince Ribbit
  9781 | D:9      | Killed Prince Ribbit
 10245 | D:10     | Entered Level 10 of the Dungeon
 10271 | D:10     | Reached XP level 11. HP: 19/102 MP: 13/13
 10271 | D:10     | HP: 6/153 [orc warrior/dire flail (13)]
 10274 | D:10     | HP: 1/153 [centaur warrior skeleton (2)]
 10279 | D:10     | HP: 4/104 [poisoned by a killer bee]
 10389 | D:10     | Found Xinaar's Antique Armour Shoppe.
 10392 | D:10     | Noticed Erolcha
 10403 | D:10     | Killed Erolcha
 10500 | D:10     | Found a flagged portal.
 10507 | Bailey   | Entered a bailey
 10514 | Bailey   | Noticed sergedm's ghost (novice DECj)
 10540 | Bailey   | Killed sergedm's ghost
 10540 | Bailey   | Reached skill level 12 in Fighting
 10631 | Bailey   | Noticed an orc knight
 10647 | Bailey   | Noticed an orc knight
 10702 | Bailey   | Got a pair of brightly glowing boots
 10713 | Bailey   | Identified the +2 pair of boots of Eternity {Dex+4 Slay+2 SInv Stlth-} (You found it in a bailey)
 10714 | Bailey   | Got a bloodstained demon whip
 10715 | Bailey   | Identified the +9 demon whip of Cocytus {flame, Int+4 Stlth+} (You found it in a bailey)
 10727 | Bailey   | Noticed an orc knight
 10736 | Bailey   | Killed an orc knight
 10736 | Bailey   | Reached skill level 1 in Maces & Flails
 10872 | D:10     | Reached ***** piety under Trog
 10879 | D:10     | Noticed Sonja
 10893 | D:10     | Killed Sonja
 11219 | D:10     | Reached skill level 3 in Maces & Flails
 11396 | D:10     | Found a staircase to the Lair.
 11581 | D:11     | Reached skill level 12 in Armour
 11582 | D:11     | Noticed a brown ugly thing
 11596 | D:11     | Killed a brown ugly thing
 11694 | D:11     | Reached skill level 13 in Fighting
 11747 | D:11     | Found a staircase to the Orcish Mines.
 11793 | D:11     | Reached XP level 12. HP: 101/115 MP: 14/14
 12269 | D:12     | Received a gift from Trog
 12522 | D:12     | Noticed a two-headed ogre
 12529 | D:12     | Killed a two-headed ogre
 12529 | D:12     | Reached skill level 6 in Maces & Flails
 12677 | D:12     | Found Puivaces's Distillery.
 12700 | D:12     | Reached skill level 14 in Fighting
 12731 | D:12     | Bought a potion of heal wounds for 65 gold pieces
 12775 | D:12     | Bought a potion of magic for 104 gold pieces
 12775 | D:12     | Bought 2 potions of haste for 260 gold pieces
 12775 | D:12     | Bought a potion of agility for 52 gold pieces
 13255 | Lair:1   | Entered Level 1 of the Lair of Beasts
 13282 | Lair:1   | Reached XP level 13. HP: 105/125 MP: 15/15
 14027 | Lair:1   | Found a snail-covered altar of Cheibriados.
 14844 | Lair:2   | Reached skill level 9 in Maces & Flails
 14899 | Lair:2   | Found a hole to the Spider Nest.
 14973 | Lair:2   | Reached skill level 15 in Fighting
 15015 | Lair:2   | Slain by a blink frog

Vault maps used:
D:1:      elethiomel_arrival_maze
D:2:      nicolae_overflow_hidden_temple, first_bread, st_stairs_4,
          lemuel_old_faithful, uniq_crazy_yiuf_cottage, uniq_sigmund
D:3:      gup_sewer_entry_bubbles, uniq_ijyb
D:4:      zin_purify, minmay_temple_entry_junction,
          hangedman_abyss_or_decor_slice, elyvilon_altar_5
D:5:      serial_shops, shop, corexii_shack, minmay_hollow_rounded_squares
D:6:      overflow_temple_1_default, lemuel_doored_altar, serial_shops, shop
D:7:      chequers_ossuary_entry_cave, serial_shops, shop, grunt_ogre_cave,
          uniq_duvessa
D:8:      okawaru_altar_gauntlet_db, uniq_psyche
D:9:      hangedman_decor_diamond_cutter, uniq_prince_ribbit1
D:10:     erik_lair_dragon, serial_shops, nicolae_shop_statue_plus,
          enter_bailey_3, uniq_erolcha, uniq_sonja
D:11:     david_orc_4
D:12:     serial_shops, shop, kennysheep_generic_room_2
Temple:   nicolae_temple_elliptical
Lair:1:   statuecave_lemuel, serial_bayou_pond_d, kennysheep_snail_temple
Lair:2:   spider_nest_entry_web_field, lab_entry_generic, grunt_megastairs_5,
          lemuel_fruit_fields
Ossuary:  ossuary_crypta
Bailey:   bailey_polearm_1, bailey

Skill      XL: |  1  2  3  4  5  6  7  8  9 10 11 12 13 |
---------------+----------------------------------------+-----
Fighting       | 1 2 4 5 6 8 10 11 13 14 15 | 15.1
Armour         | 1 3 4 5 6 7 9 10 12 13 14 | 14.0
Shields        | 2 3 4 |  4.0
Axes           | 2 6 9 10 | 10.1
Maces & Flails | 4 8 9 |  9.2
Dodging        | |  1.5
Stealth        | |  1.5
Spellcasting   | |  1.5
Conjurations   | |  1.0
Fire Magic     | |  3.2

Action                   |  1- 3 |  4- 6 |  7- 9 | 10-12 | 13-15 || total
-------------------------+-------+-------+-------+-------+-------++-------
Melee: Short sword       |    64 |   241 |   542 |    50 |       ||   897
       Unarmed           |     1 |       |       |       |       ||     1
       War axe           |       |       |    70 |   301 |       ||   371
       Demon whip        |       |       |       |   413 |   158 ||   571
 Cast: Flame Tongue      |    36 |     4 |       |       |       ||    40
Invok: Burn Spellbooks   |       |       |     3 |     1 |     1 ||     5
       Berserk           |       |       |     4 |     9 |     3 ||    16
       Trog's Hand       |       |       |       |     4 |     2 ||     6
Evoke: Wand              |       |       |     2 |     3 |       ||     5
       Phial of floods   |       |       |       |       |     1 ||     1
  Use: Potion            |     2 |       |       |     1 |     2 ||     5
       Scroll            |     1 |       |     7 |    14 |     3 ||    25
 Stab: Sleeping          |     3 |     1 |     1 |     3 |     1 ||     9
       Distracted        |       |       |     2 |       |       ||     2
       Confused          |       |       |     1 |       |       ||     1
       Paralysed         |       |       |       |     2 |       ||     2
  Eat: Chunk             |    17 |     8 |    19 |    52 |     8 ||   104
Armor: Robe              |    20 |    16 |       |       |       ||    36
       Scale mail        |       |    58 |    63 |       |       ||   121
       Troll leather arm |       |       |   125 |   229 |    36 ||   390
Dodge: Dodged            |    45 |   189 |   433 |   490 |   113 ||  1270
Block: Buckler           |       |    34 |   143 |   154 |    43 ||   374
